Match 37665994
Unlisted

Match 37665994
End
Panzergrenadier Squad
Selects Italian Infantry
Panzergrenadier Squad
Construct Light Support Kompanie
MG34 Team
2.5-tonne Medical Truck
Assault Grenadier Squad
Selects Guastatori Squad
Guastatori Squad
Construct Mechanized Kompanie
Marder III Tank Destroyer
Guastatori Squad
Selects L6/40 Light Tank Combat Group
Marder III Tank Destroyer
Construct Panzerarmee Kommand
Selects Towed Cannone da 105/28 Field Howitzer
Selects Defensive Operations
Selects Territory Booby Traps
Panzergrenadier Squad
Veteran Squad Leaders
Traanquheal
true6735
高磊
SASU
STALKER4732
ezh
kit.ohume
Devochkin
0
0

Comments sign in to comment!

No comments posted yet!